 Dungeon Crawl Stone Soup version 0.28-a0-46-g7b1be97da7 (webtiles) character file.

Game seed: 3508642046989078023

288 Mesmaeker13 the Grasshopper (level 6, -1/52 HPs)
             Began as a Ghoul Warper on July 29, 2021.
             Slain by Grinder (6 damage)
             ... while paralysed by Grinder
             ... on level 4 of the Dungeon.
             The game lasted 00:08:29 (4489 turns).

Mesmaeker13 the Grasshopper (Ghoul Warper)          Turns: 4489, Time: 00:08:29

Health: -1/52      AC:  6    Str: 15    XL:     6   Next: 31%
Magic:  7/7        EV:  2    Int: 10    God:
Gold:   174        SH:  0    Dex:  8    Spells: 3/8 levels left

rFire   . . .      SeeInvis +     - Unarmed
rCold   + . .      Faith    .   (no shield)
rNeg    + + +      Spirit   .   r - +0 scale mail
rPois   ∞          Reflect  .   (no helmet)
rElec   .          Harm     .   (no cloak)
rCorr   .          Rampage  .   (no gloves)
Will    .....                   (no boots)
Stlth   ..........              (no amulet)
HPRegen 0.00/turn               i - ring of wizardry
MPRegen 0.10/turn               b - ring of see invisible

@: paralysed, inhibited regen
A: claws 1, cold resistance 1, negative energy resistance 3, inhibited
regeneration, torment resistance 2
a: no special abilities


You were on level 4 of the Dungeon.
You visited 1 branch of the dungeon, and saw 4 of its levels.
You also visited: Sewer.

You collected 174 gold pieces.

Inventory:

Hand Weapons
 e - a +1 whip of electrocution
Missiles
 c - 5 boomerangs of dispersal (quivered)
 q - 4 boomerangs
Armour
 r - a +0 scale mail (worn)
Jewellery
 b - a ring of see invisible (right claw)
 i - a ring of wizardry (left claw)
Scrolls
 d - 3 scrolls of noise
 j - a scroll of enchant armour {unknown}
 l - a scroll of immolation {unknown}
 n - a scroll of fog
 p - a scroll of magic mapping {unknown}
Potions
 g - a potion of ambrosia
 h - 2 potions of mutation {unknown}
 m - a potion of magic {unknown}
 o - a potion of attraction {unknown}


   Skills:
 + Level 3.9 Fighting
 - Level 0.8 Throwing
 + Level 2.7 Armour
 - Level 1.7 Dodging
 + Level 3.9 Unarmed Combat
 - Level 1.7 Spellcasting
 + Level 3.9 Translocations


You had 3 spell levels left.
You knew the following spells:

 Your Spells              Type           Power      Damage    Failure   Level
a - Blink                 Tloc           N/A        N/A       16%         2
b - Gell's Gravitas       Tloc           4%         N/A       28%         3

Your spell library contained the following spells:

 Spells                   Type           Power      Damage    Failure   Level
 Lesser Beckoning         Tloc           4%         N/A       28%         3
 Teleport Other           Tloc           8%         N/A       28%         3
 Manifold Assault         Tloc           8%         N/A       92%         5


Dungeon Overview and Level Annotations

Branches:
Dungeon (4/15)              Sewer (visited)
 Temple: D:4-7

Altars:
Gozag
Qazlal

Annotations:
D:4 Grinder


Innate Abilities, Weirdness & Mutations

You thrive by killing the living.
You are immune to poison.
You have sharp fingernails.
Your flesh is cold resistant. (rC+)
You are immune to negative energy. (rN+++)
You do not regenerate when monsters are visible.
You are immune to unholy pain and torment.


Message History

Grinder is moderately wounded.
Grinder hits you.
You barely miss Grinder.
Grinder is moderately wounded.
Grinder hits you but does no damage.
You claw Grinder!
Grinder is heavily wounded.
Grinder grins, showing sharp teeth.
Grinder hits you.
You closely miss Grinder.
Grinder is heavily wounded.
You claw Grinder!
Grinder is severely wounded.
Grinder hits you.
You barely miss Grinder.
Grinder is severely wounded.
Grinder hits you.
You closely miss Grinder.
Grinder is severely wounded.
Grinder gestures at you.
You suddenly lose the ability to move!
Grinder hits you!
You can move again.
You claw Grinder!
Grinder is almost dead.
Grinder blinks!
Grinder hits you!
* * * LOW HITPOINT WARNING * * *
You scratch Grinder but do no damage.
Grinder is almost dead.
Grinder hits you but does no damage.
You scratch Grinder.
Grinder is almost dead.
Grinder gestures at you.
You suddenly lose the ability to move!
Grinder hits you but does no damage. Grinder hits you!
* * * LOW HITPOINT WARNING * * *
Grinder hits you.
You die...

##..###########....#
...................#
...................#
...................#
...$.......J.......#
###..###....##.....#
#..#########.....# .
#....§.....#.....# .
#..........#..@5.# .
#####..##.##<##..#
.######..########)##
....#.......# #†..#
....#.....#.## #...#
.............# #...#
...#.#####.#.###...#
...#.......#.......#
...#.#.).#.#..######


You could see Grinder.

Vanquished Creatures
  A phantom (D:3)
  Jessica (D:2)
  Natasha (thrice) (D:3)
  An adder (D:2)
  A worm (D:3)
  2 orcs (D:3)
  8 endoplasms
  2 giant cockroaches
  13 hobgoblins
  16 jackals
  6 kobolds
  2 quokkas
  7 ball pythons
  8 bats
  5 frilled lizards
  6 goblins
  A jackal skeleton (D:4)
  6 rats
89 creatures vanquished.

Vanquished Creatures (others)
  4 toadstools (D:1)
4 creatures vanquished.

Grand Total: 93 creatures vanquished

Notes
Turn   | Place    | Note
-------+----------+-------------------------------------------
     0 | D:1      | Mesmaeker13 the Ghoul Warper began the quest for the Orb.
     0 | D:1      | Reached XP level 1. HP: 17/17 MP: 2/2
   131 | D:1      | Reached skill level 1 in Armour
   246 | D:1      | Reached XP level 2. HP: 24/25 MP: 3/3
   601 | D:1      | Reached XP level 3. HP: 29/30 MP: 4/4
  1184 | D:2      | Noticed Jessica
  1193 | D:2      | Killed Jessica
  1194 | D:2      | Reached XP level 4. HP: 28/38 MP: 5/5
  1481 | D:2      | Learned a level 2 spell: Blink
  2056 | D:3      | Noticed Natasha
  2064 | D:3      | Killed Natasha
  2065 | D:3      | Reached XP level 5. HP: 33/45 MP: 6/6
  2113 | D:3      | Found a glowing drain.
  2148 | Sewer    | Entered a sewer
  2337 | Sewer    | Noticed Purgy
  2727 | D:3      | Learned a level 3 spell: Gell's Gravitas
  2824 | D:3      | Noticed Natasha
  2836 | D:3      | Killed Natasha
  3109 | D:3      | Found a stormy altar of Qazlal.
  3499 | D:3      | Noticed Natasha
  3512 | D:3      | Killed Natasha
  3598 | D:3      | Found a faded altar of an unknown god.
  3710 | D:4      | Noticed a phantom
  4003 | D:4      | Found an opulent altar of Gozag.
  4063 | D:4      | Noticed Grinder
  4125 | D:3      | Killed a phantom
  4126 | D:3      | Reached XP level 6. HP: 22/52 MP: 7/7
  4469 | D:4      | Paralysed by Grinder for 4 turns
  4480 | D:4      | Paralysed by Grinder for 2 turns
  4486 | D:4      | Paralysed by Grinder for 4 turns
  4489 | D:4      | Slain by Grinder

Illustrated notes

Levels and vault maps discovered:
D:1:      ldierk_water_garden, layout_loops_cross, eino_curves_01,
          serial_bayou_pond_d, minmay_misc_feat_secret_circle
D:2:      layout_loops_corners, uniq_jessica, uniq_sigmund
D:3:      cheibrodos_greedy_goblins, layout_loops_corners,
          grunt_qazlal_sundering, shapermc_ecumenical_altar_petra,
          cheibrodos_sewer_entry_bend, uniq_natasha
D:4:      layout_gridville, mainiacjoe_overflow_cross_hatched, uniq_edmund,
          uniq_grinder, uniq_menkaure

Skill      XL: |  1  2  3  4 |
---------------+-------------+-----
Armour         | 1 2 |  2.7
Translocations | 3 |  3.9
Fighting       | 3 |  3.9
Unarmed Combat | 3 |  3.9
Throwing       | |  0.8
Dodging        | |  1.7
Spellcasting   | |  1.7

Action                   |  1- 3 |  4- 6 || total
-------------------------+-------+-------++-------
Melee: Unarmed           |   112 |   276 ||   388
       Punch             |     2 |     4 ||     6
 Cast: Blink             |       |     1 ||     1
  Use: Scroll            |     3 |     2 ||     5
       Potion            |       |     5 ||     5
Armor: Leather armour    |    35 |    57 ||    92
       Scale mail        |       |    35 ||    35
Dodge: Dodged            |    65 |   178 ||   243

Table legend: (Time is in decaauts)
 A = Elapsed time spent in this place.
 B = Non-inter-level travel time spent in this place.
 C = Inter-level travel time spent in this place.
 D = Time resting spent in this place.
 E = Time spent auto-exploring this place.
 F = Levels seen in this place.
 G = Mean time per level.
                   A        B        C        D        E       F      G
               +--------+--------+--------+--------+--------+-----+--------+
         Total |   4495 |   4082 |    413 |   1314 |   1737 |   5 |  899.0 |
       Dungeon |   4260 |   3847 |    413 |   1217 |   1686 |   4 | 1065.0 |
         Sewer |    235 |    235 |      0 |     97 |     51 |   1 |  235.0 |
               +--------+--------+--------+--------+--------+-----+--------+

Top non-repeatable levels by time:
     D:3: 2176 daAuts
     D:1: 1380 daAuts
     D:2: 511 daAuts
   Sewer: 235 daAuts
     D:4: 192 daAuts
